 Dungeon Crawl Stone Soup version 0.29-a0-1009-g60c99734e7 (webtiles) character file.

Game seed: 9536929772393719268

343 Manisian the Caller (level 6, -1/34 HPs)
             Began as a Tengu Summoner on Aug 8, 2022.
             Was a Follower of Dithmenos.
             Killed from afar by a white imp (9 damage)
             ... with a puff of frost
             ... on level 4 of the Dungeon.
             The game lasted 00:07:07 (4032 turns).

Manisian the Caller (Tengu Summoner)                Turns: 4032, Time: 00:07:07

Health: -1/34      AC:  2    Str:  8    XL:     6   Next: 57%
Magic:  6/11       EV: 15    Int: 18    God:    Dithmenos [*.....]
Gold:   145        SH:  0    Dex: 14    Spells: 2/11 levels left

rFire   . . .      SeeInvis .   h - +0 halberd
rCold   . . .      Faith    .   (shield currently unavailable)
rNeg    . . .      Spirit   .   a - +0 robe
rPois   .          Reflect  .   (helmet restricted)
rElec   .          Harm     .   (no cloak)
rCorr   .          Rampage  .   (no gloves)
Will    .....                   (boots unavailable)
Stlth   +++.......              (no amulet)
HPRegen 0.11/turn               (no ring)
MPRegen 0.12/turn               (no ring)

@: flying quickly and evasively, wreathed by umbra, quick
A: beak, talons 3, nimble flight
a: Renounce Religion


You were on level 4 of the Dungeon.
You worshipped Dithmenos.
Dithmenos was aware of your devotion.
You visited 1 branch of the dungeon, and saw 4 of its levels.

You collected 145 gold pieces.

Inventory:

Hand Weapons
 h - a +0 halberd (weapon)
Armour
 a - a +0 robe (worn)
Jewellery
 i - an amulet of magic regeneration
Wands
 o - a wand of light (11)
Scrolls
 f - 2 scrolls of teleportation
 n - a scroll of immolation {unknown}
Potions
 b - 3 potions of magic
 c - a potion of haste
 d - 2 potions of heal wounds
 e - a potion of mutation
 g - a potion of brilliance {unknown}
 j - a potion of lignification
 k - a potion of might
 l - a potion of curing {unknown}
 m - a potion of cancellation {unknown}


   Skills:
 + Level 1.1 Fighting
 + Level 2.2 Polearms
 + Level 2.9 Dodging
 + Level 3.1 Stealth
 + Level 0.1 Unarmed Combat
 + Level 3.3 Spellcasting
 + Level 6.8 Summonings


You had 2 spell levels left.
You knew the following spells:

 Your Spells              Type           Power      Damage    Failure   Level
a - Summon Small Mammal   Summ           100%       N/A       1%          1
b - Call Imp              Summ           27%        N/A       1%          2
c - Call Canine Familiar  Summ           27%        N/A       3%          3
d - Summon Guardian Gole  Hex/Summ       15%        N/A       12%         3

Your spell library contained the following spells:

 Spells                   Type           Power      Damage    Failure   Level
 Summon Lightning Spire   Summ/Air       15%        N/A       36%         4
 Dazzling Flash           Conj/Hex       4%         N/A       43%         3
 Agony                    Necr           2%         N/A       99%         5
 Silence                  Hex/Air        1%         N/A       99%         5


Dungeon Overview and Level Annotations

Branches:
Dungeon (4/15)             Temple (0/1) D:4

Altars:
Dithmenos
Gozag
Makhleb
The Shining One

Shops:
D:1 (   D:4 (


Innate Abilities, Weirdness & Mutations

You have a beak for a mouth.
You have claws for feet.
Your magical nature lets you fly swiftly and evasively.


Message History

The adder hisses angrily.
You reach to attack!
You barely miss the adder. You hit the adder. You claw the adder.
You peck the adder, but do no damage.
The adder is heavily wounded.
The adder closely misses you. x2
You hit the adder.
You kill the adder!
Dithmenos accepts your kill.
No target in view!
You see here an adder corpse.
You reach down and open the door.
A white imp comes into view.
A white imp is nearby!
A white imp is nearby!
The white imp shouts!
The white imp gestures at you. The puff of frost hits you!
You reach to attack!
You hit the white imp.
The white imp is lightly wounded.
The white imp gestures at you. The puff of frost hits you!
You are too injured to fight recklessly!
You are too injured to fight recklessly!
Casting: Summon Small Mammal (safe; 1% risk of failure)
Confirm with . or Enter, or press ? or * to list all spells.
A beastly little devil appears in a puff of flame.
The white imp gestures at you. The puff of frost hits you.
* * * LOW HITPOINT WARNING * * *
You swap places.
The white imp gestures at you.
The puff of frost hits your crimson imp!
Your crimson imp is frozen!
Your crimson imp dies!
Your crimson imp disappears in a puff of smoke!
Casting: Call Imp (safe; 1% risk of failure)
Confirm with . or Enter, or press ? or * to list all spells.
The white imp gestures at you. The puff of frost hits you!
You die...

...# .. +###..# #.#
..#..# #.# #.#..#
#.###.#..# #.#.....<#
###.#..h...##########
#####...#....†..........#
.........@.>.##########.#
####..§#....# #.#
#.5.#.#'## #.# #...#...#
#.# #...##### #.# ....#
#.# ###### #.# #.#
######### #.#


You could see a white imp (ally target) and a friendly hound (summoned).

Vanquished Creatures
  Grinder (D:3)
  A gnoll (D:3)
  2 adders
  An endoplasm (D:3)
  A goblin (D:4)
  4 hobgoblins
  5 jackals
  2 quokkas (D:3)
  4 ball pythons
  2 rats
23 creatures vanquished.

Vanquished Creatures (collateral kills)
  2 gnolls (D:3)
  A worm (D:2)
  3 dart slugs
  An orc (D:3)
  2 bats
  An endoplasm (D:3)
  3 giant cockroaches
  11 goblins
  16 jackals
  2 quokkas
  8 ball pythons
  2 frilled lizards (D:1)
  3 kobolds
  7 rats
62 creatures vanquished.

Grand Total: 85 creatures vanquished

Notes
Turn   | Place    | Note
-------+----------+-------------------------------------------
     0 | D:1      | Manisian the Tengu Summoner began the quest for the Orb.
     0 | D:1      | Reached XP level 1. HP: 10/10 MP: 4/4
    84 | D:1      | Reached skill level 5 in Summonings
   132 | D:1      | Reached XP level 2. HP: 15/15 MP: 3/6
   135 | D:1      | Learned a level 2 spell: Call Imp
   901 | D:1      | Reached XP level 3. HP: 19/19 MP: 4/7
   906 | D:1      | Learned a level 3 spell: Call Canine Familiar
  1016 | D:1      | Found Retir's Weapon Shoppe.
  1785 | D:2      | Found a shadowy altar of Dithmenos.
  1812 | D:2      | Became a worshipper of Dithmenos the Shadowed
  1994 | D:2      | Reached skill level 6 in Summonings
  2034 | D:2      | Reached XP level 4. HP: 24/24 MP: 5/8
  2803 | D:3      | Found a faded altar of an unknown god.
  3092 | D:3      | Gained mutation: Your magical nature lets you fly swiftly
                  | and evasively. [Tengu growth]
  3092 | D:3      | Reached XP level 5. HP: 28/28 MP: 10/10
  3101 | D:3      | Learned a level 3 spell: Summon Guardian Golem
  3104 | D:3      | Found a burning altar of Makhleb.
  3139 | D:3      | Reached * piety under Dithmenos
  3623 | D:3      | Found a glowing golden altar of the Shining One.
  3709 | D:3      | Noticed Grinder
  3721 | D:3      | Killed Grinder
  3722 | D:3      | Reached skill level 1 in Fighting
  3722 | D:3      | Reached XP level 6. HP: 29/34 MP: 6/11
  3858 | D:4      | Found Felo's Antique Weapon Emporium.
  3909 | D:4      | Found an opulent altar of Gozag.
  3963 | D:4      | Found a staircase to the Ecumenical Temple.
  4032 | D:4      | Killed from afar by a white imp

Illustrated notes

Levels and vault maps discovered:
D:1:      ncdulo_watergridlock, layout_basic, serial_shops,
          nicolae_shop_bloodbath_and_beyond
D:2:      layout_basic, basic_altar
D:3:      layout_loops_ring, tso_altar,
          mainiacjoe_overflow_concentric_impassable,
          hellmonk_ecumenical_altar_inner_sanctum, uniq_grinder
D:4:      layout_basic, kennysheep_little_box, trog_ov_bears_minmay,
          minmay_temple_entry_offerings, serial_shops, nicolae_shop_waterfront

Skill      XL: |  1  2  3  4  5 |
---------------+----------------+-----
Summonings     | 5 6 |  6.8
Spellcasting   | 3 |  3.3
Fighting       | 1 |  1.1
Polearms       | 2 |  2.2
Stealth        | 3 |  3.1
Dodging        | |  2.9
Unarmed Combat | |  0.1

Action                   |  1- 3 |  4- 6 || total
-------------------------+-------+-------++-------
Melee: Unarmed           |    16 |     6 ||    22
       Kick              |     6 |    10 ||    16
       Peck              |     1 |     8 ||     9
       Halberd           |       |    48 ||    48
 Cast: Summon Small Mamm |    37 |    11 ||    48
       Call Imp          |     7 |    10 ||    17
       Call Canine Famil |     3 |     6 ||     9
  Use: Scroll            |       |    10 ||    10
 Stab: Sleeping          |       |     8 ||     8
       Distracted        |       |     1 ||     1
Armor: Robe              |    10 |    13 ||    23
Dodge: Dodged            |    21 |    73 ||    94

Table legend: (Time is in decaauts)
 A = Elapsed time spent in this place.
 B = Non-inter-level travel time spent in this place.
 C = Inter-level travel time spent in this place.
 D = Time resting spent in this place.
 E = Time spent auto-exploring this place.
 F = Levels seen in this place.
 G = Mean time per level.
                   A        B        C        D        E       F      G
               +--------+--------+--------+--------+--------+-----+--------+
         Total |   4000 |   3966 |     34 |      0 |   3178 |   4 | 1000.0 |
       Dungeon |   4000 |   3966 |     34 |      0 |   3178 |   4 | 1000.0 |
               +--------+--------+--------+--------+--------+-----+--------+

Top non-repeatable levels by time:
     D:1: 1564 daAuts
     D:3: 1468 daAuts
     D:2: 800 daAuts
     D:4: 165 daAuts
